 Dungeon Crawl Stone Soup version 0.14-a0-882-gdff4d47 (webtiles) character file.

75308 Inkie the Destroyer (level 15, -13/94 (96) HPs)
             Began as a Black Draconian Wizard on Nov 14, 2013.
             Was a High Priest of Vehumet.
             Hit by a large rock thrown by a stone giant (28 damage)
             ... on Level 4 of the Orcish Mines on Nov 16, 2013.
             The game lasted 04:41:30 (34213 turns).

Inkie the Destroyer (Black Draconian Wizard)       Turns: 34213, Time: 04:41:30

HP -13/94 (96)   AC 16     Str 12      XL: 15   Next:  2%
MP  47/52        EV 12     Int 24      God: Vehumet [*****.]
Gold 2413        SH  0     Dex 10      Spells:  9 memorised, 14 levels left

Res.Fire  : . . .   See Invis. : +   D - staff of power
Res.Cold  : + . .   Warding    : .   (armour unavailable)
Life Prot.: . . .   Conserve   : .   (no shield)
Res.Poison: +       Res.Corr.  : +   B - +2 wizard hat
Res.Elec. : +       Clarity    : .   p - +0 cloak
Sust.Abil.: . .     Spirit.Shd : .   H - +2 pair of dwarf gloves
Res.Mut.  : .       Rnd.Telep. : +   g - +0 pair of boots
Res.Rott. : .       Flight     : +   X - amulet of resist corrosion
Saprovore : . . .                    j - ring of see invisible
                                     n - ring of poison resistance

@: flying, somewhat resistant to hostile enchantments, fairly stealthy
A: breathe lightning, able to fly continuously, unfitting armour, large and
strong wings, cold resistance 1, electricity resistance, teleportitis 1, AC +9,
Str +2
a: Breathe Lightning, Stop Flying, Renounce Religion


You were on level 4 of the Orcish Mines.
You worshipped Vehumet.
Vehumet was extremely pleased with you.
You were hungry.

You visited 4 branches of the dungeon, and saw 26 of its levels.

You collected 2413 gold pieces.

Inventory:

Hand weapons
 y - the +4,+11 short sword "Rymob" {flame, Str+3 Int+4}
   (You took it off an orc on level 4 of the Orcish Mines)

   It emits flame when wielded, causing extra injury to most foes and up to
   double damage against particularly susceptible opponents.
   Big, fiery blades are also staple armaments of hydra-hunters.
   It affects your strength (+3).
   It affects your intelligence (+4).
Armour
 g - a +0 pair of boots (worn)
 p - a +0 cloak (worn)
 B - a +2 wizard hat (worn)
 H - a +2 pair of dwarven gloves (worn)
Magical devices
 l - a wand of digging (4) {unknown}
 m - a wand of teleportation (1)
 x - a wand of fire (0)
Comestibles
 v - 2 meat rations
 z - 2 bread rations
 A - a rotting chunk of orc flesh
 C - a rambutan
 G - a chunk of orc flesh
 R - 9 sultanas
 U - 4 apples
Scrolls
 a - a scroll of enchant weapon III {unknown}
 k - 7 scrolls of identify
 o - 3 scrolls of fog
 r - 5 scrolls of remove curse
 t - 3 scrolls of fear
 u - 5 scrolls of teleportation
 E - 4 scrolls of magic mapping
 W - a scroll of silence (quivered)
Jewellery
 j - a ring of see invisible (right hand)
 n - a ring of poison resistance (left hand)
 X - an amulet of resist corrosion (around neck)
Potions
 b - 2 potions of invisibility
 e - a potion of agility
 h - 6 potions of curing
 i - 2 potions of might
 q - 2 potions of heal wounds
 s - a potion of flight
 F - 3 potions of berserk rage
 I - 2 potions of brilliance
 S - 2 potions of magic
 Y - a potion of restore abilities
Books
 c - a book of Minor Magic

   Spells                             Type                      Level
   *Magic Dart                        Conjuration                  1
   *Blink                             Translocation                2
   Call Imp                           Summoning                    2
   *Repel Missiles                    Charms/Air                   2
   Slow                               Hexes                        2
   *Conjure Flame                     Conjuration/Fire             3
   *Mephitic Cloud                    Conjuration/Poison/Air       3
 f - a book of Hinderance

   Spells                             Type                      Level
   Confusing Touch                    Hexes                        1
   Slow                               Hexes                        2
   Confuse                            Hexes                        3
   Petrify                            Transmutation/Earth          4
   Leda's Liquefaction                Hexes/Earth                  4
   Metabolic Englaciation             Hexes/Ice                    6
 w - a book of Envenomations

   Spells                             Type                      Level
   Spider Form                        Transmutation/Poison         3
   Poison Weapon                      Charms/Poison                3
   Summon Scorpions                   Summoning/Poison             4
   Olgreb's Toxic Radiance            Poison                       4
   Poisonous Cloud                    Conjuration/Poison/Air       6
 J - a book of Ice

   Spells                             Type                      Level
   Freezing Aura                      Charms/Ice                   2
   Ensorcelled Hibernation            Hexes/Ice                    2
   Ozocubu's Refrigeration            Ice                          6
   Bolt of Cold                       Conjuration/Ice              6
   Freezing Cloud                     Conjuration/Ice/Air          6
   Metabolic Englaciation             Hexes/Ice                    6
   Simulacrum                         Ice/Necromancy               6
 Q - a book of Enchantments

   Spells                             Type                      Level
   Cause Fear                         Hexes                        4
   Silence                            Hexes/Air                    5
   Tukima's Dance                     Hexes                        5
   Deflect Missiles                   Charms/Air                   6
   Haste                              Charms                       6
   Discord                            Hexes                        8
Magical staves
 D - an uncursed staff of power (weapon)
Miscellaneous
 P - a sack of spiders


   Skills:
   Level 0.8 Maces & Flails
 - Level 1.7 Dodging
 - Level 1.7 Stealth
 - Level 15.5 Spellcasting
 + Level 18.0 Conjurations
   Level 1.0 Summonings
 - Level 1.0 Translocations
 - Level 0.2 Fire Magic
 * Level 9.1 Air Magic
 - Level 1.0 Evocations


You had 14 spell levels left.
You knew the following spells:

 Your Spells              Type           Power        Failure   Level  Hunger
a - Magic Dart            Conj           ####         0%          1    None
b - Blink                 Tloc           N/A          3%          2    None
c - Conjure Flame         Conj/Fire      ######..     1%          3    None
d - Repel Missiles        Chrm/Air       #####.....   1%          2    None
e - Mephitic Cloud        Conj/Pois/Air  ######..     1%          3    None
f - Stone Arrow           Conj/Erth      ######       1%          3    None
g - Force Lance           Conj           #######.     1%          5    None
h - Lightning Bolt        Conj/Air       ######....   1%          5    None
i - Orb of Destruction    Conj           #######...   1%          7    ######.


Dungeon Overview and Level Annotations

Branches:
Dungeon (13/16)            Temple (1/1) D:7             Orc (4/4) D:7
   Lair (8/8) D:13         Shoals (0/5) Lair:4       Spider (0/5) Lair:5
  Slime (0/6) Lair:6
    Elf: Orc:3-4

Altars:
Ashenzari
Cheibriados
Elyvilon
Fedhas
Kikubaaqudgha
Makhleb
Nemelex Xobeh
Okawaru
Sif Muna
Trog
Vehumet
Xom
Yredelemnul
Zin
the Shining One

Shops:
D:9 *   D:12 }   D:13 =+

Annotations:
Lair:6 slime pits


Innate Abilities, Weirdness & Mutations

You can breathe wild blasts of lightning.
You can fly continuously.
Your glossy black scales are hard (AC +9).
Your body does not fit into most forms of armour.
Your cold-blooded metabolism reacts poorly to cold.
Your wings are large and strong.
You are resistant to electric shocks.
Your flesh is cold resistant.
Your muscles are strong. (Str +2)
Space occasionally distorts in your vicinity.


Message History

You start resting.
You are feeling hungry.
You start resting.
There is an open door here.
You reach down and close the door.
There is an open door here.
You reach down and close the door.
Things that are here:
a glowing hand axe; an orcish leather armour Something unseen opens the door.
Things that are here:
a giant club; a rotting hill giant corpse The stone giant throws a large rock.
The large rock crashes through you!
* * * LOW HITPOINT WARNING * * *
You see here a large rock.
Your magical contamination has completely faded away.
There is a stone staircase leading up here.
You start resting.
The stone giant throws a large rock.
The large rock crashes through you!
You die...

#...........###.........# #.#.#
....#...#....##.........# ##...#
.............##.........####.....
....#(..#....##.........##.......
.............##........###.#.....
....#.(.#....##.......#....#.....
#...........###........C#####..##
#...#)..#)..# #........#####'###
##...))(...## #.@......# #....#
#.)#))(#).# #.......## #....###
##..)))..## #.......# ##......#
#####))[#######...)..)###.......#
.###[.))).....#......##.#........
...((.[.).....#.[)...##.#...<...#
)).(.(........(......##.##.......
.#.##.#.###....#....##..##......#
######### ######....'..###......#


You could see a stone giant.

Vanquished Creatures
  A bone dragon (D:12)
  Gastronok (Lair:2)
  Fannar (D:13)
  4 hydras
  An ogre mage (Orc:4)
  A catoblepas (Lair:3)
  A centaur warrior (D:12)
  Nergalle (D:12)
  2 orc high priests (Orc:4)
  2 unseen horrors (D:13)
  Erolcha (D:10)
  An oklob plant (Lair:8)
  21 hill giants
  8 orc knights
  The ghost of 4tharraofdagon the Chopper, an experienced DrGl of Makhleb (D:11)
  A wolf spider zombie (D:12)
  2 stone giant zombies (Orc:4)
  3 cyclopes
  Maurice (D:13)
  15 spiny frogs
  A black mamba (Lair:4)
  Psyche (D:13)
  A fire drake (Lair:6)
  9 komodo dragons
  A catoblepas zombie (D:13)
  9 spriggans
  7 trolls
  Sonja (D:13)
  2 two-headed ogres (Orc:4)
  15 blink frogs
  A giant amoeba zombie (D:13)
  A griffon zombie (D:13)
  2 grizzly bears (Lair:8)
  A basilisk (Lair:5)
  2 hill giant zombies (D:13)
  2 wyverns
  An elephant slug (Lair:7)
  A hungry ghost (D:8)
  4 sharks (Lair:4)
  33 yaks
  3 vampire mosquitoes (D:13)
  Grum (D:13)
  10 hippogriffs
  2 rock worms
  38 wolves
  Menkaure (D:4)
  A manticore (D:10)
  A soldier ant (D:12)
  A mottled dragon (D:13)
  5 porcupines
  29 orc warriors
  7 black bears (Lair:8)
  5 sky beasts
  5 ice beasts
  12 crocodiles
  14 ogres
  3 centaurs
  An ugly thing zombie (D:13)
  A crocodile (shapeshifter) (D:13)
  A vampire mosquito skeleton (D:13)
  6 wargs
  14 giant frogs
  A komodo dragon zombie (D:13)
  4 giant slugs
  A cyclops zombie (Orc:4)
  9 water moccasins
  3 agate snails
  2 manticore zombies
  A cyclops skeleton (D:9)
  2 wyvern skeletons (D:13)
  An eye of draining (D:9)
  2 troll zombies
  9 wights
  4 yak zombies
  3 quasits
  A yak skeleton (D:13)
  3 killer bees (D:12)
  A goliath beetle (D:4)
  A troll skeleton (D:12)
  7 crimson imps
  2 giant frog zombies (D:13)
  A two-headed ogre zombie (D:13)
  A centaur skeleton (D:7)
  2 giant frog skeletons
  A soldier ant zombie (D:13)
  13 jellies
  37 orc priests
  8 spiders (Lair:5)
  8 iguanas
  15 orc wizards
  7 scorpions
  A two-headed ogre skeleton (D:9)
  14 hounds
  14 worker ants
  A killer bee zombie (D:13)
  2 big kobold skeletons (D:13)
  An ogre skeleton (D:10)
  A hound skeleton (D:10)
  A worker ant zombie (D:11)
  7 gnolls
  22 adders
  2 giant centipedes
  37 green rats
  3 giant mites
  7 worms
  An adder zombie (D:9)
  A giant eyeball (D:5)
  12 giant geckos
  5 oozes
  110 orcs
  3 ball pythons
  19 bats
  A bat zombie (D:7)
  6 giant cockroaches
  18 goblins
  13 hobgoblins
  41 jackals
  12 quokkas
  11 giant newts
  15 kobolds
  A kobold skeleton (D:8)
  22 rats
  2 rat skeletons (D:5)
  8 spectral orcs
  A fungus (Lair:2)
  3 plants
893 creatures vanquished.

Vanquished Creatures (collateral kills)
  2 wolves (Lair:8)
  An agate snail (Lair:5)
3 creatures vanquished.

Vanquished Creatures (others)
  An unseen horror (D:13)
  A spider (Lair:8)
  An orc (Orc:1)
  14 fungi (Lair:8)
  12 plants
29 creatures vanquished.

Grand Total: 925 creatures vanquished

Notes
Turn   | Place    | Note
--------------------------------------------------------------
     0 | D:1      | Inkie, the Draconian Wizard, began the quest for the Orb.
     0 | D:1      | Reached XP level 1. HP: 12/12 MP: 5/5
   308 | D:1      | Reached XP level 2. HP: 13/18 MP: 0/7
  1300 | D:1      | Reached XP level 3. HP: 8/24 MP: 7/9
  1605 | D:2      | Learned a level 2 spell: Blink
  1609 | D:2      | Learned a level 3 spell: Conjure Flame
  1892 | D:2      | Reached XP level 4. HP: 26/30 MP: 7/11
  2027 | D:2      | Reached skill level 4 in Conjurations
  2515 | D:2      | Reached skill level 5 in Conjurations
  2515 | D:2      | Reached XP level 5. HP: 16/36 MP: 0/12
  3658 | D:3      | Found a burning altar of Makhleb.
  4127 | D:4      | Reached skill level 6 in Conjurations
  4127 | D:4      | Reached XP level 6. HP: 39/42 MP: 7/14
  4172 | D:4      | Noticed Menkaure
  4457 | D:4      | Got an iridescent whip
  4522 | D:3      | Identified the +3,+6 whip "Katuelie" {speed, rC+} (You found it on level 4 of the Dungeon)
  4522 | D:3      | Identified the +3,+6 whip "Katuelie" {speed, rC+} (You found it on level 4 of the Dungeon)
  5002 | D:4      | Killed Menkaure
  5002 | D:4      | Your scales start taking on a glossy black colour.
  5002 | D:4      | Gained mutation: You are resistant to electric shocks. [draconian maturity]
  5002 | D:4      | Reached XP level 7. HP: 48/48 MP: 6/18
  5277 | D:4      | Reached skill level 5 in Spellcasting
  5505 | D:5      | Entered Level 5 of the Dungeon
  5649 | D:5      | Learned a level 2 spell: Repel Missiles
  5653 | D:5      | Learned a level 3 spell: Mephitic Cloud
  5779 | D:5      | Paralysed by a giant eyeball for 3 turns
  6030 | D:5      | Noticed a yak
  6031 | D:5      | Noticed a yak
  6031 | D:5      | Noticed a yak
  6032 | D:5      | Noticed a yak
  6033 | D:5      | Noticed a yak
  6045 | D:5      | Killed a yak
  6214 | D:4      | Killed a yak
  6214 | D:4      | Reached skill level 7 in Spellcasting
  6214 | D:4      | Reached XP level 8. HP: 32/55 MP: 6/22
  6374 | D:4      | Killed a yak
  6377 | D:4      | Killed a yak
  6377 | D:4      | Reached skill level 8 in Spellcasting
  6573 | D:5      | Killed a yak
  6813 | D:5      | Noticed a hill giant
  6823 | D:5      | Killed a hill giant
  6823 | D:5      | Reached skill level 9 in Spellcasting
  6823 | D:5      | Reached XP level 9. HP: 37/60 MP: 12/26
  6963 | D:5      | Paralysed by a giant eyeball for 4 turns
  7248 | D:5      | Gained mutation: Your flesh is cold resistant. [potion of beneficial mutation]
  7765 | D:6      | Reached skill level 10 in Spellcasting
  8445 | D:7      | Found a staircase to the Ecumenical Temple.
  8456 | Temple   | Entered the Ecumenical Temple
  8516 | Temple   | Became a worshipper of Vehumet
  8619 | D:7      | Found a staircase to the Orcish Mines.
  8922 | D:7      | Noticed a six-headed hydra
  9814 | D:8      | Reached XP level 10. HP: 67/67 MP: 19/28
 10039 | D:8      | Acquired Vehumet's first power
 10039 | D:8      | Offered knowledge of Sting by Vehumet.
 10359 | D:8      | Found a deep blue altar of Sif Muna.
 10880 | D:9      | Found Arufuel's General Store.
 10905 | D:8      | Reached skill level 10 in Conjurations
 11899 | D:8      | Reached skill level 11 in Conjurations
 11974 | D:9      | Offered knowledge of Flame Tongue by Vehumet.
 12278 | D:9      | Found a shattered altar of Ashenzari.
 12907 | D:10     | Entered Level 10 of the Dungeon
 13012 | D:10     | Noticed Erolcha
 13069 | D:10     | Killed Erolcha
 13069 | D:10     | Reached skill level 12 in Conjurations
 13586 | D:10     | Reached XP level 11. HP: 65/70 MP: 28/29
 13684 | D:10     | Offered knowledge of Stone Arrow by Vehumet.
 13684 | D:10     | Reached skill level 1 in Evocations
 13689 | D:10     | Learned a level 3 spell: Stone Arrow
 14033 | D:11     | Noticed 4tharraofdagon's ghost (experienced DrGl)
 14045 | D:11     | Killed 4tharraofdagon's ghost
 14045 | D:11     | Reached skill level 13 in Conjurations
 14153 | D:11     | Acquired Vehumet's second power
 14956 | D:12     | Offered knowledge of Inner Flame by Vehumet.
 15249 | D:12     | Noticed a hill giant
 15265 | D:12     | Killed a hill giant
 15306 | D:12     | Found Kliarat's Gadget Boutique.
 15391 | D:12     | Reached skill level 14 in Conjurations
 15587 | D:12     | Got a faintly glowing war axe
 15588 | D:12     | Identified the +5,+12 war axe "Ifoulol" {chop, rElec Dex-1 SInv} (You found it on level 12 of the Dungeon)
 15588 | D:12     | Identified the +5,+12 war axe "Ifoulol" {chop, rElec Dex-1 SInv} (You found it on level 12 of the Dungeon)
 15595 | D:12     | Noticed a centaur warrior
 15619 | D:12     | Killed a centaur warrior
 15943 | D:12     | Noticed a hill giant
 15950 | D:12     | Killed a hill giant
 16433 | D:13     | Noticed Grum
 16433 | D:13     | Noticed Maurice
 16438 | D:13     | Killed Grum
 16449 | D:12     | Acquired Vehumet's third power
 16461 | D:12     | Noticed a hill giant
 16480 | D:12     | Noticed a five-headed hydra
 16708 | D:12     | Killed a five-headed hydra
 16708 | D:12     | Reached skill level 15 in Conjurations
 16927 | D:13     | Killed Maurice
 16963 | D:12     | Reached XP level 12. HP: 77/77 MP: 8/30
 16965 | D:12     | Noticed a hill giant
 16977 | D:12     | Killed a hill giant
 17160 | D:13     | Offered knowledge of Force Lance by Vehumet.
 17173 | D:13     | Learned a level 5 spell: Force Lance
 17200 | D:13     | Noticed Fannar
 17210 | D:13     | Killed Fannar
 17230 | D:13     | Found a staircase to the Lair.
 17236 | D:13     | Noticed Nergalle
 17636 | D:12     | Killed a hill giant
 17636 | D:12     | Reached skill level 16 in Conjurations
 17772 | D:12     | Killed Nergalle
 17904 | D:13     | Noticed Psyche
 17905 | D:13     | Killed Psyche
 18039 | D:13     | Noticed Sonja
 18053 | D:13     | Killed an unseen horror
 18054 | D:13     | Killed Sonja
 18493 | D:13     | Noticed an unseen horror
 18494 | D:13     | Found Soraclo's Book Emporium.
 18497 | D:13     | Killed an unseen horror
 18592 | D:13     | Found Shum's Jewellery Shoppe.
 18819 | D:13     | Noticed an unseen horror
 18822 | D:13     | Killed an unseen horror
 19545 | D:13     | Noticed a bone dragon
 19996 | D:12     | Killed a bone dragon
 19996 | D:12     | Reached skill level 17 in Conjurations
 20386 | Lair:1   | Entered Level 1 of the Lair of Beasts
 20481 | Lair:1   | Gained mutation: Your muscles are strong. (Str +2) [potion of mutation]
 20481 | Lair:1   | Gained mutation: Space occasionally distorts in your vicinity. [potion of mutation]
 20748 | D:11     | Noticed a hill giant
 20751 | D:11     | Killed a hill giant
 21112 | Lair:1   | Offered knowledge of Lightning Bolt by Vehumet.
 21119 | Lair:1   | Learned a level 5 spell: Lightning Bolt
 21810 | Lair:2   | Reached XP level 13. HP: 66/82 MP: 25/31
 21810 | Lair:2   | Reached skill level 18 in Conjurations
 22101 | Lair:2   | Noticed Gastronok
 22118 | Lair:2   | Killed Gastronok
 23069 | Lair:3   | Reached skill level 5 in Air Magic
 23693 | Lair:4   | Found a staircase to the Shoals.
 24598 | Lair:5   | Offered knowledge of Orb of Destruction by Vehumet.
 24607 | Lair:5   | Learned a level 7 spell: Orb of Destruction
 24915 | Lair:5   | Found a hole to the Spider Nest.
 25212 | Lair:5   | Got an encrusted buckler
 25216 | Lair:5   | Identified the +0 buckler "Amoe" {Str-3 Int+3 Curse} (You found it on level 5 of the Lair of Beasts)
 26165 | Lair:6   | Found a staircase to the Slime Pits.
 27960 | Lair:8   | Entered Level 8 of the Lair of Beasts
 28277 | Lair:8   | Offered knowledge of Lee's Rapid Deconstruction by Vehumet.
 28325 | Lair:8   | Gained mutation: Your wings are large and strong. [draconian growth]
 28325 | Lair:8   | Reached XP level 14. HP: 89/89 MP: 23/34
 29880 | Lair:2   | Upgraded the game from 0.14-a0-848-g57a047c to 0.14-a0-882-gdff4d47
 29983 | Lair:1   | Offered knowledge of Fulminant Prism by Vehumet.
 30142 | Orc:1    | Entered Level 1 of the Orcish Mines
 31223 | Orc:4    | Entered Level 4 of the Orcish Mines
 31882 | Orc:4    | Offered knowledge of Delayed Fireball by Vehumet.
 32932 | Orc:4    | Reached skill level 15 in Spellcasting
 34085 | Orc:4    | Got a jewelled short sword
 34086 | Orc:4    | Identified the +4,+11 short sword "Rymob" {flame, Str+3 Int+4} (You took it off an orc on level 4 of the Orcish Mines)
 34086 | Orc:4    | Identified the +4,+11 short sword "Rymob" {flame, Str+3 Int+4} (You took it off an orc on level 4 of the Orcish Mines)
 34147 | Orc:4    | Reached XP level 15. HP: 94/94 MP: 36/36
 34213 | Orc:4    | Hit by a large rock thrown by a stone giant

Action                   |  1- 3 |  4- 6 |  7- 9 | 10-12 | 13-15 || total
-------------------------+-------+-------+-------+-------+-------++-------
Melee: Unarmed           |    31 |    23 |       |       |       ||    54
       War axe           |       |     6 |       |       |       ||     6
       Whip              |       |       |    14 |    14 |       ||    28
       Trident           |       |       |    47 |    80 |       ||   127
       Staff             |       |       |       |   102 |    25 ||   127
Throw: Dart              |     4 |       |       |       |       ||     4
 Cast: Magic Dart        |   119 |   227 |   415 |   809 |   326 ||  1896
       Conjure Flame     |       |     6 |    32 |    57 |     9 ||   104
       Blink             |       |     3 |     9 |    34 |    20 ||    66
       Repel Missiles    |       |       |     2 |     3 |       ||     5
       Mephitic Cloud    |       |       |       |    15 |    16 ||    31
       Stone Arrow       |       |       |       |   312 |   552 ||   864
       Force Lance       |       |       |       |    34 |    61 ||    95
       Lightning Bolt    |       |       |       |       |   141 ||   141
 Abil: Breathe Lightning |       |       |       |    12 |     4 ||    16
       Fly               |       |       |       |       |     1 ||     1
Evoke: Wand              |       |       |       |     7 |     9 ||    16
       Miscellaneous     |       |       |       |       |     3 ||     3
  Use: Potion            |       |     1 |    11 |     7 |     4 ||    23
       Scroll            |       |       |    16 |     9 |     5 ||    30
 Stab: Distracted        |       |       |       |       |     1 ||     1
